 Dungeon Crawl Stone Soup version 0.21.1-1-g345015f (webtiles) character file.

80 Kairos the Charmwright (level 4, 0/34 HPs)
             Began as a Demonspawn Skald on Mar 26, 2018.
             Slain by an adder (1 damage)
             ... on level 4 of the Dungeon.
             The game lasted 00:05:49 (2182 turns).

Kairos the Charmwright (Demonspawn Skald)           Turns: 2182, Time: 00:05:49

Health: 0/34       AC:  9    Str: 12    XL:     4   Next: 18%
Magic:  7/7        EV: 12    Int: 15    God:
Gold:   135        SH:  3    Dex: 12    Spells: 6/7 levels left

rFire    + . .     SeeInvis .   a - +0 mace
rCold    . . .     Gourm    .   (no shield)
rNeg     . . .     Faith    .   b - +0 leather armour
rPois    .         Spirit   .   (no helmet)
rElec    .         Reflect  +   (no cloak)
rCorr    .         Harm     .   (no gloves)
MR       .....                  (no boots)
Stlth    +.........             n - +3 amulet of reflection
HPRegen  0.11/turn              o - ring of protection from fire
MPRegen  0.10/turn              q - +4 ring of protection

@: no status effects
A: icy blue scales 1, powered by death 1
a: no special abilities


You were on level 4 of the Dungeon.
You were not hungry.

You visited 1 branch of the dungeon, and saw 6 of its levels.

You collected 135 gold pieces.

Inventory:

Hand Weapons
 a - a +0 mace (weapon)
Armour
 b - a +0 leather armour (worn)
Jewellery
 n - a +3 amulet of reflection (around neck)
 o - a ring of protection from fire (left hand)
 q - a +4 ring of protection (right hand)
Scrolls
 f - 2 scrolls of teleportation {unknown}
 g - a scroll of fog {unknown}
 h - 3 scrolls of identify {unknown}
 j - 2 scrolls of enchant weapon {unknown}
 k - a scroll of amnesia {unknown}
 r - 2 scrolls of remove curse {unknown}
Potions
 e - a potion of haste {unknown}
 i - a potion of invisibility {unknown}
 l - 2 potions of agility {unknown}
 m - a potion of flight {unknown}
 p - a potion of heal wounds {unknown}
Books
 c - a book of Battle

   Spells                             Type                      Level
   a - Infusion                       Charms                       1
   b - Shroud of Golubria             Charms/Translocation         2
   c - Song of Slaying                Charms                       2
   d - Spectral Weapon                Hexes/Charms                 3
   e - Regeneration                   Charms/Necromancy            3
Comestibles
 d - 7 rations
 s - 2 chunks of flesh


   Skills:
 + Level 2.6 Fighting
 + Level 2.6 Maces & Flails
 + Level 1.2 Armour
 + Level 2.1 Dodging
 + Level 2.2 Spellcasting
 + Level 3.2 Charms


You had 6 spell levels left.
You knew the following spells:

 Your Spells              Type           Power        Failure   Level  Hunger
a - Infusion              Chrm           ##..         8%          1    #......


Dungeon Overview and Level Annotations

Branches:
Dungeon (6/15)
 Temple: D:4-7

Altars:
Uskayaw

Annotations:
D:4 ceb's ghost, amateur DsFi


Innate Abilities, Weirdness & Mutations

You are partially covered in icy blue scales. (AC +2)
You regenerate a little health from kills.


Message History

An ogre comes into view. It is wielding a giant club.
The ogre shouts!
You hear an angry growl.
The worker ant closely misses you.
Found a hide-covered altar of Uskayaw.
A black bear comes into view.
The adder bites you.
* * * LOW HITPOINT WARNING * * *
You block the adder's attack.
Ceb's ghost whispers, "You will understand me better in a moment."
Found a ring of protection from fire.
The adder barely misses you. The adder closely misses you.
Found 10 gold pieces.
The adder bites you.
* * * LOW HITPOINT WARNING * * *
Ceb's ghost wails, "You must not fail where I succeeded!"
The adder bites you.
* * * LOW HITPOINT WARNING * * *
The adder bites you.
You die...

#...W.Oh...#
#h#######..# #.#
#####..O..
#O#.............
##W#.#.##......_.#
##=...........#...#
##...#.#.##........#
#..aS....##.h..##...
##.@.#.### ##.##...
#.. ### ##.# .# .#
.# .#


You could see a black bear, an ogre, a worker ant, ceb's ghost and an adder.

Vanquished Creatures
  An adder (D:2)
  An ooze (D:1)
  An adder zombie (D:5)
  2 worms
  A dart slug (D:1)
  2 leopard geckos (D:2)
  An orc (D:5)
  2 bats
  10 giant cockroaches (D:2)
  4 goblins
  5 hobgoblins
  A quokka (D:2)
  10 frilled lizards
  6 kobolds
  A leopard gecko zombie (D:5)
  4 rats (D:1)
52 creatures vanquished.

Notes
Turn   | Place    | Note
-------+----------+-------------------------------------------
     0 | D:1      | Kairos the Demonspawn Skald began the quest for the Orb.
     0 | D:1      | Reached XP level 1. HP: 16/16 MP: 3/3
    26 | D:1      | Reached skill level 1 in Armour
   228 | D:1      | Reached skill level 3 in Charms
   229 | D:1      | Gained mutation: You are partially covered in icy blue scales. (AC +2) [demonic ancestry]
   229 | D:1      | Reached XP level 2. HP: 13/22 MP: 5/5
   891 | D:2      | Reached XP level 3. HP: 26/27 MP: 6/6
  1582 | D:2      | Gained mutation: You regenerate a little health from kills. [demonic ancestry]
  1582 | D:2      | Reached XP level 4. HP: 23/34 MP: 1/7
  1850 | D:3      | You fall through a shaft for 3 floors!
  1937 | D:5      | Entered Level 5 of the Dungeon
  2047 | D:4      | Noticed ceb's ghost (amateur DsFi)
  2165 | D:4      | Found a hide-covered altar of Uskayaw.
  2165 | D:4      | Noticed an ogre
  2167 | D:4      | Noticed a black bear
  2180 | D:4      | HP: 1/34 [adder (1)]
  2182 | D:4      | Slain by an adder

Skill      XL: |  1  2  3 |
---------------+----------+-----
Armour         | 1 |  1.2
Charms         | 3 |  3.2
Maces & Flails | 2 |  2.6
Dodging        | 2 |  2.1
Fighting       | |  2.6
Spellcasting   | |  2.2

Action                   |  1- 3 |  4- 6 || total
-------------------------+-------+-------++-------
Melee: Mace              |   163 |    34 ||   197
 Cast: Infusion          |     3 |     1 ||     4
  Eat: Chunk             |     2 |     2 ||     4
Armor: Leather armour    |    56 |    16 ||    72
Dodge: Dodged            |   100 |    19 ||   119
Block: Other             |       |     9 ||     9
